 Dungeon Crawl Stone Soup version 0.23-a0-38-g6d804a8 (webtiles) character file.

5480 glosham the Cleaver (level 10, -7/91 HPs)
             Began as a Minotaur Abyssal Knight on Aug 5, 2018.
             Was an Elder of Lugonu.
             Killed from afar by an orc sorcerer (34 damage)
             ... with a bolt of negative energy
             ... on level 7 of the Dungeon.
             The game lasted 01:54:20 (5142 turns).

glosham the Cleaver (Minotaur Abyssal Knight)       Turns: 5142, Time: 01:54:21

Health: -7/91      AC: 17    Str: 20    XL:     10   Next: 42%
Magic:  19/19      EV:  9    Int:  9    God:    Lugonu [****..]
Gold:   94         SH:  0    Dex: 10    Spells: 9/9 levels left

rFire    + . .     SeeInvis .   a - +1 war axe
rCold    . . .     Gourm    .   (no shield)
rNeg     . . .     Faith    .   X - +3 storm dragon scales
rPois    .         Spirit   .   (helmet restricted)
rElec    +         Reflect  .   (no cloak)
rCorr    .         Harm     .   (no gloves)
MR       .....                  W - +0 pair of boots
Stlth    ..........             z - amulet of magic regeneration
HPRegen  0.25/turn              A - ring of magical power
MPRegen  0.41/turn              B - ring of protection from fire

@: slowed, drained, very slow
A: retaliatory headbutt, horns 2
a: Depart the Abyss, Bend Space, Banish, Corrupt, Renounce Religion


You were on level 7 of the Dungeon.
You worshipped Lugonu.
Lugonu was greatly pleased with you.
You were hungry.

You visited 1 branch of the dungeon, and saw 7 of its levels.
You visited the Abyss 1 time.
You also visited: Ossuary.

You collected 344 gold pieces.
You spent 250 gold pieces at shops.

Inventory:

Hand Weapons
 a - a +1 war axe (weapon)
 b - the +9 mace of the Tooth {vamp, rC+ rN+ Dex-5}
   (You took it off an orc on level 5 of the Dungeon)

   It inflicts no extra harm, but heals its wielder when it wounds a living foe.
   It affects your dexterity (-5).
   It protects you from cold.
   It protects you from negative energy.
 c - a +0 blowgun
 d - a +0 shortbow
 f - a +1 dagger of distortion
 t - a +0 battleaxe
 D - a +1 glaive of protection
 F - a +2 trident of piercing
Missiles
 q - 112 arrows
 v - 6 curare-tipped needles
 y - 19 bolts
 I - 2 throwing nets (quivered)
Armour
 l - a +0 buckler
 W - a +0 pair of boots (worn)
 X - +3 storm dragon scales (worn)
Jewellery
 z - an amulet of magic regeneration (around neck)
 A - a ring of magical power (left hand)
 B - a ring of protection from fire (right hand)
 E - an uncursed ring of magical power
Wands
 w - a wand of flame (23)
 O - a wand of random effects (16)
Scrolls
 k - 2 scrolls of teleportation
 m - a scroll of blinking
 r - 2 scrolls of immolation
 u - 10 scrolls of remove curse
 G - 3 scrolls of enchant weapon
 H - a scroll of magic mapping
 J - a scroll of fog {unknown}
 M - a scroll of random uselessness {unknown}
Potions
 g - 3 potions of curing
 h - 4 potions of brilliance
 i - a potion of might
 j - 2 potions of magic
 n - 2 potions of haste
 o - 2 potions of mutation {!q}
 p - 3 potions of flight
 s - a potion of agility
 x - 4 potions of lignification
 C - a potion of berserk rage {!q}
 K - a potion of invisibility
 L - a potion of cancellation {unknown}
 N - a potion of heal wounds {unknown}
 P - a potion of resistance {unknown}
Comestibles
 e - 14 rations


   Skills:
 + Level 9.2(8.5) Fighting
   Level 2.4(1.8) Long Blades
 * Level 12.6(11.8) Axes
 + Level 8.4(7.7) Armour
 + Level 5.8(5.1) Dodging
 - Level 1.7(1.1) Invocations


You had 9 spell levels left.
You didn't know any spells.
Your spell library was empty.

Dungeon Overview and Level Annotations

Branches:
Dungeon (7/15)             Temple (0/1) D:6

Altars:
Ashenzari
Fedhas
Nemelex Xobeh
Okawaru
Qazlal
Trog
Vehumet
The Shining One
Beogh

Shops:
D:4 *!

Annotations:
D:4 rock vault


Innate Abilities, Weirdness & Mutations

You reflexively headbutt those who attack you in melee.
You have a pair of horns on your head.


Message History

You see here a trident.
You are feeling hungry.
The wizard hits you but does no damage.
You slash the wizard! Your headbutt misses the wizard.
The wizard is lightly wounded.
The wizard hits you but does no damage.
You closely miss the wizard. You headbutt the wizard.
The wizard is lightly wounded.
The wizard hits you but does no damage.
You slash the wizard!
The wizard is heavily wounded.
The wizard casts a spell at you. The crystal spear hits you!
An orc sorcerer comes into view. It is wielding a dagger.
The wizard hits you but does no damage.
You hit the wizard. Your headbutt misses the wizard.
The wizard is heavily wounded.
The wizard gestures at you while chanting.
The bolt of cold hits you!
You barely miss the wizard.
The wizard is heavily wounded.
The wizard gestures at you while chanting.
The crystal spear hits you!
You miss the wizard.
The wizard is heavily wounded.
The wizard hits you but does no damage.
The orc sorcerer mumbles some strange words.
The wizard hits you but does no damage.
You closely miss the wizard.
The wizard is heavily wounded.
The wizard hits you but does no damage.
You slice the wizard!! Your headbutt misses the wizard.
The wizard is almost dead.
The wizard hits you but does no damage.
You slash the wizard!
You kill the wizard!
Lugonu accepts your kill. The orc sorcerer casts a spell at you.
The bolt of negative energy hits you!
You feel drained.
You die...

.#≈....###.....#..#
##≈...## ##........
≈##. #≈≈...# ##.......
≈≈≈.≈≈≈..#)## ##......
......##..# ##...###
.3#.# ##.## #....##
##o## #..####.....##
##)####............#
#####
#.@................
....##
#..###....###....##
[#...####
####.####..### #.##..#
###.....# ##....###...#
#.#####
........###.###......##
#.# # ).).#...##..#
#...##..#####.#
._..##.)#...#
##.#.....#....##
).).#..#....#
#...###.......##
.......#..#.####..##
#........###


You could see a smoke demon and an orc sorcerer.

Vanquished Creatures
  Harold (D:7)
  A wizard (D:7)
  Pikel (D:7)
  An ugly thing (D:7)
  2 wraiths (Ossuary)
  Sigmund (D:2)
  Duvessa (D:5)
  8 orc warriors
  4 slaves (D:7)
  A phantom (D:7)
  An ogre (D:6)
  4 sky beasts
  2 centaurs
  2 bullfrogs
  Dowan (D:5)
  4 wights (Ossuary)
  6 hounds
  A jelly (D:6)
  4 orc priests
  A bullfrog skeleton (D:4)
  A gnoll shaman (D:5)
  An iguana (D:7)
  11 orc wizards
  2 centaur skeletons
  2 worker ants
  A hound skeleton (D:5)
  A howler monkey skeleton (D:7)
  4 adders
  6 gnolls
  A shadow imp (D:6)
  An adder zombie (Ossuary)
  An adder skeleton (D:5)
  5 worms
  2 dart slugs
  4 leopard geckos
  32 orcs
  A giant cockroach (D:1)
  9 goblins
  9 hobgoblins
  11 jackals
  3 quokkas
  2 ball pythons
  A ball python skeleton (Ossuary)
  9 bats
  6 frilled lizards
  3 hobgoblin skeletons (Ossuary)
  10 kobolds
  An orc zombie (Ossuary)
  6 rats
193 creatures vanquished.

Vanquished Creatures (others)
  4 starspawn tentacles (Abyss:1)
4 creatures vanquished.

Grand Total: 197 creatures vanquished

Notes
Turn   | Place    | Note
-------+----------+-------------------------------------------
     0 | Abyss:1  | glosham the Minotaur Abyssal Knight began the quest for the Orb.
     0 | Abyss:1  | Reached XP level 1. HP: 19/19 MP: 1/1
    27 | Abyss:1  | Noticed a tentacled starspawn
    55 | Abyss:1  | Noticed a quasit
    98 | Abyss:2  | Noticed a starcursed mass
   106 | D:1      | Escaped the Abyss
   214 | D:1      | Reached skill level 4 in Fighting
   296 | D:1      | Reached * piety under Lugonu
   296 | D:1      | Reached XP level 2. HP: 28/28 MP: 2/2
   477 | D:2      | Reached skill level 5 in Fighting
   581 | D:3      | Reached XP level 3. HP: 36/36 MP: 3/3
   651 | D:5      | Entered Level 5 of the Dungeon
   654 | D:5      | Noticed an orc warrior
   664 | D:4      | Found Fit Lonk's Assorted Antiques.
   688 | D:4      | Reached skill level 6 in Fighting
   688 | D:4      | Reached XP level 4. HP: 27/45 MP: 4/4
   721 | D:4      | Reached skill level 7 in Fighting
   721 | D:4      | Reached XP level 5. HP: 22/52 MP: 5/5
  1000 | D:2      | Reached skill level 2 in Axes
  1079 | D:1      | Reached ** piety under Lugonu
  1341 | D:2      | Found a radiant altar of Vehumet.
  1345 | D:2      | Found a sparkling altar of Nemelex Xobeh.
  1420 | D:2      | Noticed Sigmund
  1448 | D:2      | Killed Sigmund
  1448 | D:2      | Reached skill level 4 in Axes
  1448 | D:2      | Reached XP level 6. HP: 33/60 MP: 6/6
  1651 | D:3      | Reached skill level 5 in Axes
  1755 | D:3      | Reached XP level 7. HP: 58/66 MP: 7/7
  1855 | D:4      | Bought a golden potion for 26 gold pieces
  1855 | D:4      | Bought a scroll of identify for 58 gold pieces
  1855 | D:4      | Bought a fizzy orange potion for 26 gold pieces
  1855 | D:4      | Bought a pink potion for 26 gold pieces
  1855 | D:4      | Bought a scroll of identify for 58 gold pieces
  1950 | D:4      | Reached skill level 6 in Axes
  1963 | D:4      | Found a glowing golden altar of the Shining One.
  2229 | D:4      | Found Ocutyune's Distillery.
  2313 | D:5      | Noticed Duvessa
  2318 | D:5      | Noticed Dowan
  2335 | D:5      | Killed Duvessa
  2335 | D:5      | Reached skill level 7 in Axes
  2335 | D:5      | Reached skill level 3 in Armour
  2343 | D:5      | Killed Dowan
  2365 | D:5      | Reached skill level 4 in Armour
  2394 | D:5      | Reached skill level 8 in Axes
  2407 | D:5      | Reached *** piety under Lugonu
  2492 | D:5      | Found a blossoming altar of Fedhas.
  2594 | D:5      | Found a runed door.
  2614 | D:5      | Reached XP level 8. HP: 72/73 MP: 8/8
  2700 | D:4      | Reached skill level 5 in Armour
  2737 | D:4      | Bought a potion of degeneration for 14 gold pieces
  2737 | D:4      | Bought a potion of curing for 42 gold pieces
  2769 | D:5      | Reached skill level 9 in Axes
  3069 | D:5      | Reached skill level 2 in Dodging
  3075 | D:5      | Reached skill level 10 in Axes
  3075 | D:5      | Reached skill level 6 in Armour
  3181 | D:5      | Found a roughly hewn altar of Beogh.
  3352 | D:5      | Reached XP level 9. HP: 76/79 MP: 9/9
  3357 | D:5      | Found a shattered altar of Ashenzari.
  3359 | D:5      | Reached skill level 3 in Dodging
  3377 | D:5      | Identified the +9 mace of the Tooth {vamp, rC+ rN+ Dex-5} (You took it off an orc on level 5 of the Dungeon)
  3547 | D:6      | Reached **** piety under Lugonu
  3667 | D:6      | Found a staircase to the Ecumenical Temple.
  3840 | D:6      | Found a stormy altar of Qazlal.
  4127 | D:7      | Reached skill level 11 in Axes
  4154 | D:7      | Noticed a white ugly thing
  4165 | D:7      | Killed a white ugly thing
  4165 | D:7      | Reached skill level 8 in Fighting
  4165 | D:7      | Reached skill level 7 in Armour
  4165 | D:7      | Reached skill level 4 in Dodging
  4359 | D:7      | Found a sand-covered staircase.
  4363 | Ossuary  | Entered an ossuary
  4637 | D:7      | Noticed Pikel
  4652 | D:7      | Killed Pikel
  4652 | D:7      | Reached skill level 12 in Axes
  4652 | D:7      | Reached skill level 5 in Dodging
  4652 | D:7      | Reached XP level 10. HP: 74/90 MP: 10/10
  4797 | D:7      | Found an iron altar of Okawaru.
  4811 | D:7      | Noticed Harold
  4845 | D:7      | Killed Harold
  4845 | D:7      | Reached skill level 9 in Fighting
  4845 | D:7      | Reached skill level 8 in Armour
  5056 | D:7      | Found a bloodstained altar of Trog.
  5123 | D:7      | Noticed a wizard
  5136 | D:7      | Noticed an orc sorcerer
  5140 | D:7      | Noticed a smoke demon
  5142 | D:7      | Killed a wizard
  5142 | D:7      | Killed from afar by an orc sorcerer

Vault maps used:
D:1:      onia_arrival_pyramid
D:2:      lemuel_blue_sif_altar, grunt_temple_overflow_open, uniq_sigmund
D:3:      first_ration
D:4:      tso_metal_star, serial_shops, shop, shop, lightli_corner_chamber
D:5:      fedhas_altar_4, ashenzari_conservatory_becter,
          lightli_church_of_beogh, uniq_duvessa
D:6:      temple_doors_e, nicolae_qazlal_eye_of_the_storm
D:7:      cheibrodos_wizards_tower, lemuel_round_altar,
          okawaru_ov_weapons_minmay, nicolae_ossuary_entry_plus, uniq_pikel,
          uniq_harold
Ossuary:  ossuary_due_cavern

Skill      XL: |  1  2  3  4  5  6  7  8  9 10 |
---------------+-------------------------------+-----
Fighting       | 4 5 6 7 8 9 |  9.2
Axes           | 4 5 8 10 12 | 12.6
Armour         | 4 6 7 8 |  8.4
Dodging        | 2 5 |  5.8
Long Blades    | |  2.4
Invocations    | |  1.7

Action                   |  1- 3 |  4- 6 |  7- 9 | 10-12 || total
-------------------------+-------+-------+-------+-------++-------
Melee: Falchion          |    66 |    48 |       |       ||   114
       Headbutt          |    12 |    23 |    69 |     8 ||   112
       War axe           |       |    65 |   365 |    71 ||   501
 Fire: Blowgun           |       |       |     9 |       ||     9
Invok: Depart the Abyss  |     1 |       |       |       ||     1
  Use: Scroll            |     5 |     5 |    10 |       ||    20
  Eat: Chunk             |       |     3 |     9 |     2 ||    14
Armor: Storm dragon scal |    42 |    65 |   165 |    34 ||   306
Dodge: Dodged            |    28 |    36 |   117 |    15 ||   196
       Rpst.: Falchion   |     4 |     5 |       |       ||     9

Table legend:
 A = Spawn XP
 B = Non-spawn XP
 C = Spawn XP percentage of total XP
 D = Spawn monster count
 E = Non-spawn monster count
 F = Spawn count percentage of total count
 G = Total turns spent on level
                    A         B        C        D         E        F      G
               +---------+---------+-------+---------+---------+-------+---------
         Total |       0 |    7829 |   0.0 |       0 |     189 |   0.0 |  5142
               +---------+---------+-------+---------+---------+-------+---------
           D:1 |       0 |      46 |   0.0 |       0 |      28 |   0.0 |   520
           D:2 |       0 |     294 |   0.0 |       0 |      23 |   0.0 |   727
           D:3 |       0 |     187 |   0.0 |       0 |      14 |   0.0 |   382
           D:4 |       0 |     720 |   0.0 |       0 |      23 |   0.0 |   714
           D:5 |       0 |    1592 |   0.0 |       0 |      52 |   0.0 |  1062
           D:6 |       0 |     804 |   0.0 |       0 |      22 |   0.0 |   565
           D:7 |       0 |    3518 |   0.0 |       0 |      15 |   0.0 |   829
       Ossuary |       0 |     668 |   0.0 |       0 |      12 |   0.0 |   237
               +---------+---------+-------+---------+---------+-------+---------

Table legend:
 A = Turns spent in this place as a percentage of turns spent in the entire game.
 B = Non-inter-level travel turns spent in this place as a percentage of non-inter-level travel turns spent in the entire game.
 C = Inter-level travel turns spent in this place as a percentage of turns spent in this place.
 D = Turns resting spent in this place as a percentage of non-inter-level travel turns spent in this place.
 E = Turns spent auto-exploring this place as a percentage of non-inter-level travel turns spent in this place.
 F = Non-inter-level travel turns spent in this place divided by the number of levels of this place that you've seen.
                   A       B       C       D       E      F
               +-------+-------+-------+-------+-------+----------------------
         Total | 100.0 | 100.0 |   7.1 |   0.5 |   0.0 | 477.8
       Dungeon |  93.3 |  92.8 |   7.6 |   0.6 |   0.0 | 633.6
         Abyss |   2.1 |   2.2 |   0.0 |   0.0 |   0.0 |  53.0
       Ossuary |   4.6 |   5.0 |   0.0 |   0.0 |   0.0 | 237.0
               +-------+-------+-------+-------+-------+----------------------

Table legend:
 A = Kills in this place as a percentage of kills in entire the game.
 B = Kills by you in this place as a percentage of kills by you in the entire game.
 C = Kills by friends in this place as a percentage of kills by friends in the entire game.
 D = Other kills in this place as a percentage of other kills in the entire game.
 E = Experience gained in this place as a percentage of experience gained in the entire game.
 F = Experience gained in this place divided by the number of levels of this place that you have seen.
                   A       B       C       D       E      F
               +-------+-------+-------+-------+-------+----------------------
         Total | 100.0 | 100.0 |   N/A |   N/A | 100.0 | 782.9
       Dungeon |  93.7 |  93.7 |   N/A |   N/A |  91.5 | 1023.0
       Ossuary |   6.3 |   6.3 |   N/A |   N/A |   8.5 | 668.0
               +-------+-------+-------+-------+-------+----------------------

Vault maps used:
D:1:      onia_arrival_pyramid
D:2:      lemuel_blue_sif_altar, grunt_temple_overflow_open, uniq_sigmund
D:3:      first_ration
D:4:      tso_metal_star, serial_shops, shop, shop, lightli_corner_chamber
D:5:      fedhas_altar_4, ashenzari_conservatory_becter,
          lightli_church_of_beogh, uniq_duvessa
D:6:      temple_doors_e, nicolae_qazlal_eye_of_the_storm
D:7:      cheibrodos_wizards_tower, lemuel_round_altar,
          okawaru_ov_weapons_minmay, nicolae_ossuary_entry_plus, uniq_pikel,
          uniq_harold
Ossuary:  ossuary_due_cavern
